Map: New Gettysburg LE

Players

Fropez

  • Race: Protoss Protoss
  • League: Gold
  • Spawn Location: 7:00

Pharaoh - Winner!

  • Race: Protoss Protoss
  • League: Silver
  • Spawn Location: 5:00

VOD

Have the link to the VOD?

Description

Time

  • Played on: Sept. 19, 2016, 3:47 p.m.
  • Length: 13:54
Show
View Real Time Build Order
Export as new Build Order

Fropez Protoss 

Build Orders:  

Get SALT Encoding   

  12  0:01  Probe (Chrono Boost)  
  14  0:14  Probe (Chrono Boost)  
  14  0:27  Probe (Chrono Boost)  
  15  0:30  Pylon  
  15  0:49  Probe (Chrono Boost)  
  16  0:59  Probe (Chrono Boost), Gateway x2  
  17  1:06  Pylon  
  17  1:26  Assimilator  
  17  1:27  Pylon  
  17  1:30  Probe (Chrono Boost)  
  17  1:31  Assimilator  
  18  1:42  Pylon  
  18  1:57  Pylon  
  18  2:00  Probe (Chrono Boost)  
  18  2:18  Probe (Chrono Boost)  
  18  2:19  Nexus  
  18  2:22  Cybernetics Core  
  19  2:32  Pylon, Probe (Chrono Boost)  
  20  2:42  Pylon  
  20  2:43  Probe (Chrono Boost)  
  21  2:58  Forge  
  21  3:33  Probe (Chrono Boost)  
  22  3:34  Mothership Core (Chrono Boost)  
  22  3:37  Warp Gate (Chrono Boost)  
  24  3:41  Adept  
  24  3:42  Adept  
  24  3:47  Probe  
  28  3:54  Probe  
  28  4:02  Probe, Assimilator  
  30  4:04  Pylon, Protoss Ground Weapons Level 1  
  30  4:13  Pylon  
  27  4:26  Adept  
  27  4:27  Adept  
  30  4:44  Probe  
  29  4:49  Probe  
  30  5:22  Probe  
  30  5:26  Gateway  
  30  5:28  Adept x2  
  35  5:29  Gateway  
  35  5:39  Probe  
  35  5:41  Twilight Council, Pylon  
  34  5:49  Adept x2  
  32  5:52  Probe  
  32  5:53  Probe  
  34  6:12  Probe  
  34  6:25  Stalker  
  34  6:26  Stalker  
  37  6:46  Stalker  
  39  6:48  Stalker  
  35  7:03  Stalker x2  
  36  7:19  Probe, Stalker  
  36  7:20  Probe  
  40  7:41  Dark Shrine  
  40  7:42  Pylon  
  40  7:48  Probe  
  41  8:00  Zealot x2  
  41  8:04  Probe  
  46  8:18  Probe  
  46  8:19  Probe  
  44  8:28  Probe  
  45  8:39  Probe  
  44  8:47  Probe  
  42  8:48  Robotics Facility  
  42  8:52  Pylon  
  43  8:57  Stalker  
  43  8:58  Stalker x2  
  45  9:18  Assimilator  
  45  9:21  Pylon  
  45  9:24  Pylon  
  45  9:27  Pylon  
  45  9:30  Probe  
  43  9:31  Probe  
  43  9:36  Photon Cannon  
  45  9:42  Probe  
  46  9:47  Warp Prism (Chrono Boost)  
  46  9:48  Resonating Glaives (Chrono Boost)  
  48  9:54  Probe  
  49  10:05  Protoss Ground Weapons Level 2 (Chrono Boost)  
  49  10:11  Probe  
  49  10:13  Probe  
  51  10:21  Observer  
  52  10:32  Probe x2  
  54  10:44  Probe, Dark Templar x2  
  54  10:45  Dark Templar x2  
  64  10:57  Probe  
  64  11:17  Gateway  
  60  11:43  Dark Templar x3  
  60  11:44  Dark Templar  
  54  12:03  Observer  
  54  12:05  Probe  
  54  12:06  Probe  
  57  12:24  Nexus  
  57  12:28  Assimilator  
  56  12:30  Pylon  
  56  12:33  Pylon  
  56  12:35  Dark Templar  
  56  12:36  Dark Templar x3  
  64  12:37  Pylon  
  64  12:42  Pylon  
  64  12:43  Mothership Core (Chrono Boost)  
  53  13:12  Dark Templar  
  51  13:15  Immortal (Chrono Boost)  
  51  13:30  Dark Templar x2  
  51  13:41  Pylon  
  49  13:47  Dark Templar  
Show
View Real Time Build Order
Export as new Build Order

Pharaoh Protoss - Winner!

Build Orders:  

Get SALT Encoding   

  12  0:01  Probe (Chrono Boost)  
  13  0:11  Probe (Chrono Boost)  
  14  0:18  Pylon  
  14  0:22  Pylon  
  14  0:24  Probe (Chrono Boost)  
  15  0:40  Probe (Chrono Boost)  
  16  0:46  Gateway  
  16  0:50  Assimilator  
  16  0:52  Probe (Chrono Boost)  
  17  1:02  Probe (Chrono Boost)  
  18  1:34  Cybernetics Core  
  18  1:51  Probe (Chrono Boost)  
  19  1:54  Nexus  
  19  2:05  Probe (Chrono Boost)  
  20  2:21  Assimilator  
  20  2:22  Probe (Chrono Boost)  
  23  2:40  Probe (Chrono Boost)  
  22  2:48  Pylon  
  22  3:05  Probe  
  22  3:06  Adept (Chrono Boost)  
  25  3:15  Probe x2  
  27  3:21  Gateway  
  27  3:26  Probe  
  28  3:36  Adept (Chrono Boost)  
  28  3:37  Gateway  
  30  3:44  Pylon  
  30  3:47  Probe  
  30  3:54  Gateway  
  31  3:57  Warp Gate (Chrono Boost)  
  31  4:39  Probe  
  31  4:42  Adept x2  
  31  4:43  Adept x2  
  40  4:51  Probe  
  41  5:04  Probe  
  40  5:10  Adept  
  43  5:28  Adept x2  
  43  5:29  Adept  
  43  5:31  Probe x2  
  49  5:37  Adept  
  49  5:42  Probe  
  51  5:44  Mothership Core  
  54  6:11  Pylon  
  54  6:14  Pylon  
  54  6:15  Pylon  
  54  6:17  Assimilator  
  54  6:20  Pylon  
  54  6:23  Assimilator  
  40  7:18  Stalker x3  
  40  7:19  Stalker  
  44  7:24  Probe  
  45  7:33  Nexus  
  45  7:35  Probe  
  46  7:45  Probe  
  46  7:48  Probe  
  48  7:56  Probe  
  49  8:00  Probe  
  50  8:07  Probe  
  51  8:17  Probe  
  50  8:32  Stalker x2  
  50  8:33  Stalker x2  
  42  9:09  Probe x2  
  36  9:12  Pylon  
  36  9:16  Probe  
  39  9:19  Probe  
  39  9:20  Probe  
  41  9:28  Probe, Assimilator  
  41  9:30  Probe, Assimilator  
  42  9:32  Gateway  
  42  9:33  Gateway  
  42  9:37  Stalker x3  
  42  9:38  Probe, Stalker  
  51  9:40  Probe  
  51  9:44  Pylon  
  53  9:48  Probe  
  53  9:51  Probe  
  54  9:54  Probe  
  56  10:00  Twilight Council x2  
  56  10:02  Probe  
  56  10:03  Robotics Facility  
  56  10:06  Probe, Robotics Facility  
  56  10:07  Stalker x4  
  60  10:08  Probe  
  60  10:12  Probe  
  68  10:18  Probe  
  69  10:23  Probe  
  69  10:24  Gateway  
  70  10:28  Stargate  
  70  10:29  Probe  
  70  10:33  Probe  
  72  10:40  Dark Shrine  
  72  10:44  Resonating Glaives, Probe, Blink  
  72  10:47  Stalker  
  72  10:48  Stalker  
  77  10:51  Zealot x4  
  85  11:00  Observer  
  85  11:01  Probe  
  87  11:07  Probe  
  88  11:12  Probe, Zealot x4  
  88  11:13  Zealot x2  
  88  11:18  Probe  
  101  11:19  Observer  
  101  11:21  Oracle  
  78  12:07  Stalker x3  
  78  12:08  Stalker x4  
  92  12:16  Pylon  
  92  12:24  Immortal  
  92  12:25  Immortal  
  94  13:08  Stalker x6  
  94  13:09  Stalker  
Tags
 
Matchup
PvP
Replay Pack
All Mines
Spawn Locations
Close Positions
Add a new tag
Caveats
  • Supply blocks, unpowered buildings, or Contaminate may cause inaccurate times.
  • Supply counts are checked every 10 seconds.